 Dungeon Crawl Stone Soup version 0.25.0-65-g31bcc41 (webtiles) character file.

215876 Dorkslayer the Peltast (level 19, -6/116 HPs)
             Began as a Gargoyle Fighter on Nov 12, 2020.
             Was the Champion of the Shining One.
             Killed from afar by a deep elf high priest (26 damage)
             ... with damnation
             ... in the Elven Halls.
             The game lasted 00:36:55 (5705 turns).

Dorkslayer the Peltast (Gargoyle Fighter)           Turns: 5705, Time: 00:36:55

Health: -6/116     AC: 42    Str: 27    XL:     19   Next: 43%
Magic:  27/30      EV: 22    Int: 11    God:    the Shining One [******]
Gold:   424        SH: 22    Dex: 10    Spells: 18/18 levels left

rFire    . . .     SeeInvis .   v - +2 scimitar (protect)
rCold    . . .     Gourm    .   q - +0 large shield
rNeg     + + +     Faith    .   E - +1 plate armour {rPois}
rPois    ∞         Spirit   .   u - +0 helmet
rElec    +         Reflect  .   x - +0 cloak {rPois}
rCorr    .         Harm     .   (no gloves)
MR       ++...                  l - +0 pair of boots
Stlth    ..........             c - amulet of the acrobat
HPRegen  0.29/turn              k - ring of protection from magic
MPRegen  0.22/turn              p - +2 ring of strength

@: protection aura, glowing
A: big wings, negative energy resistance 1, electricity resistance, unbreathing,
petrification resistance, rot immunity, AC +14
a: Fly, Divine Shield, Cleansing Flame, Summon Divine Warrior, Brand Weapon With
Holy Wrath, Renounce Religion


You were in the Elven Halls.
You worshipped the Shining One.
The Shining One was exalted by your worship.
You were not hungry.

You visited 4 branches of the dungeon, and saw 6 of its levels.

You collected 1034 gold pieces.
You spent 610 gold pieces at shops.

Inventory:

Hand Weapons
 a - a +0 long sword
 o - a +0 scimitar of venom
 v - a +2 scimitar of protection (weapon)
Missiles
 d - 2 tomahawks (quivered)
Armour
 l - a +0 pair of boots (worn)
 q - a +0 large shield (worn)
 u - a +0 helmet (worn)
 x - a +0 cloak of poison resistance (worn)
 E - a +1 plate armour of poison resistance (worn)
Jewellery
 c - an amulet of the acrobat (around neck)
 k - a ring of protection from magic (left hand)
 p - a +2 ring of strength (right hand)
Wands
 n - a wand of digging (5)
 B - a wand of flame (7)
Scrolls
 h - 3 scrolls of teleportation
 j - 2 scrolls of remove curse
 m - a scroll of fear
 y - a scroll of silence
 A - a scroll of fog
Potions
 b - 3 potions of brilliance
 r - a potion of mutation
 t - a potion of magic
 C - a potion of cancellation {unknown}
Miscellaneous
 s - a box of beasts
Comestibles
 f - 15 rations


   Skills:
 + Level 12.1 Fighting
 + Level 14.8 Long Blades
 + Level 4.0 Throwing
 + Level 11.9 Armour
 + Level 2.5 Dodging
 + Level 0.6 Stealth
 + Level 17.9 Shields
 * Level 15.4 Invocations
 * Level 13.1 Evocations


You had 18 spell levels left.
You didn't know any spells.
Your spell library contained the following spells:

 Spells                   Type           Power        Failure   Level  Hunger
 Animate Skeleton         Necr           N/A          100%        1    ##.....
 Flame Tongue             Conj/Fire      #....        100%        1    ##.....
 Pain                     Necr           #...         100%        1    ##.....
 Throw Flame              Conj/Fire      #.....       100%        2    ###....
 Conjure Flame            Conj/Fire      #.......     100%        3    ####...
 Inner Flame              Hex/Fire       #.......     100%        3    ####...
 Regeneration             Chrm/Necr      #.........   100%        3    ####...
 Vampiric Draining        Necr           #.........   100%        3    ####...
 Animate Dead             Necr           N/A          100%        4    #####..
 Cause Fear               Hex            #.........   100%        4    #####..
 Sticky Flame             Conj/Fire      #.......     100%        4    #####..
 Bolt of Magma            Conj/Fire/Erth #.........   100%        5    ######.
 Fireball                 Conj/Fire      #.........   100%        5    ######.
 Iskenderun's Battlesphe  Conj/Chrm      #.......     100%        5    ######.
 Silence                  Hex/Air        #.........   100%        5    ######.
 Venom Bolt               Conj/Pois      #.........   100%        5    ######.
 Yara's Violent Unravell  Hex/Tmut       #.........   100%        5    ######.
 Deflect Missiles         Chrm/Air       #.........   100%        6    #######
 Iron Shot                Conj/Erth      #.........   100%        6    #######
 Orb of Destruction       Conj           #.........   100%        7    #######
 Spellforged Servitor     Conj/Summ      #.........   100%        7    #######
 Discord                  Hex            #.........   100%        8    #######


Dungeon Overview and Level Annotations

Branches:
Dungeon (3/3)              Temple (1/1) D:1           Snake (0/1) D:2
  Slime (0/1) D:2             Orc (1/1) D:2             Elf (1/1) Orc
 Vaults (0/1) D:2          Depths (0/1) D:3
  Swamp: D:2-3       Shoals: D:2-3

Altars:
Ashenzari
Cheibriados
Dithmenos
Elyvilon
Fedhas
Gozag
Hepliaklqana
Kikubaaqudgha
Makhleb
Nemelex Xobeh
Okawaru
Qazlal
Ru
Sif Muna
Trog
Uskayaw
Vehumet
Wu Jian
Xom
Yredelemnul
Zin
The Shining One
Beogh

Shops:
Orc ?[[%

Annotations:
Elf 1 runed door, Dorkslayer's ghost, adept GrFi


Innate Abilities, Weirdness & Mutations

You are resistant to torment.
Your stone body is resilient. (AC +14)
You are immune to poison.
Your large and strong wings let you fly indefinitely.
You resist negative energy. (rN+)
You are resistant to electric shocks. (rElec)
You can survive without breathing.
You are immune to petrification.
You are immune to rotting.


Message History

The earth elemental is severely damaged.
The deep elf high priest calls down the wrath of its god upon you.
Something smites you! You block the earth elemental's attack.
You hit the earth elemental.
The earth elemental is severely damaged.
The deep elf archer blinks!
You hit the earth elemental but do no damage.
The earth elemental is severely damaged.
The deep elf high priest invokes the aid of its god against you.
Something smites you!
* * * LOW HITPOINT WARNING * * *
The deep elf mage casts a spell.
The deep elf mage blinks!
Your divine shield fades away.
The deep elf high priest calls down the wrath of its god upon you.
Something smites you!
* * * LOW HITPOINT WARNING * * *
The deep elf high priest mumbles some strange prayers to its god against you.
The sphere of damnation explodes!
The damnation engulfs you!
You die...

...................#
##.#..#.........####
##)#'##.........#
#...###.........#
.)...##.........# ###
......#.....)...# ###.#
..)...#.........# ########:#.##
..))..#.........####e.((.#.(+..#
.....##(......e.@.Ee(.).)##W#..#
#.).################*E())(###..#
##'## #...e)).....# #.#
#####)####### ##'# e))(. ...#
)%.)((... ♣[.## .............
....# ...###e##.#.. ..♣.# #.#
.e. ## #


You could see a deep elf blademaster, a deep elf death mage (inner flame), a
deep elf archer (inner flame), a deep elf high priest (inner flame), 2 earth
elementals and a lost soul.

Vanquished Creatures
  3 deep elf blademasters (Elf)
  2 deep elf master archers (Elf)
  A deep elf sorcerer (Elf)
  An orc warlord (Elf)
  2 deep elf elementalists (Elf)
  3 deep elf demonologists (Elf)
  A deep elf death mage (Elf)
  5 deep elf high priests (Elf)
  An ogre mage (D:3)
  A two-headed ogre (D:2)
  2 dancing weapons (Elf)
  5 orc high priests
  4 deep elf knights (Elf)
  A spriggan druid (Elf)
  A skeletal warrior (D:2)
  A necromancer (D:2)
  A phantasmal warrior (D:3)
  2 deep elf archers (Elf)
  An orc knight (Elf)
  18 deep elf magi
  An orc sorcerer (Orc)
  A guardian mummy (D:2)
  A spriggan skeleton (D:3)
  2 trolls
  A hornet (D:2)
  2 slime creatures (D:2)
  An ettin skeleton (D:3)
  A wraith (D:2)
  Sigmund (D:2)
  A tarantella (shapeshifter) (D:3)
  2 vampires (D:2)
  A water elemental (Elf)
  A shadow (D:3)
  A hungry ghost (D:2)
  2 vampire mosquitoes
  A warg (Orc)
  2 nagas (D:2)
  2 sky beasts (D:2)
  12 orc warriors
  2 ogres
  3 wolves (Elf)
  A necrophage (D:1)
  2 centaurs
  2 bullfrogs
  A big kobold (D:2)
  A gnoll sergeant (D:1)
  An earth elemental (Elf)
  A hornet simulacrum (D:3)
  A hound (D:1)
  14 orc priests
  A quasit (D:2)
  A bullfrog skeleton (D:1)
  2 jellies (D:2)
  14 orc wizards
  Ijyb (D:2)
  Natasha (thrice) (D:2)
  An iguana (D:2)
  Robin (D:3)
  4 gnolls (D:1)
  An adder (D:2)
  14 orcs
  A giant cockroach (D:1)
  10 goblins (D:2)
  2 hobgoblins
  2 crawling corpses (Elf)
  A fungus (Elf)
180 creatures vanquished.

Vanquished Creatures (collateral kills)
  A deep elf sorcerer (Elf)
  A deep elf elementalist (Elf)
  A dancing weapon (Elf)
  An orc high priest (Elf)
  4 orc knights (Elf)
  6 orc warriors (Elf)
14 creatures vanquished.

Vanquished Creatures (others)
  A dancing weapon (Elf)
  2 withered plants (D:3)
3 creatures vanquished.

Grand Total: 197 creatures vanquished

Notes
Turn   | Place    | Note
-------+----------+-------------------------------------------
     0 | D:1      | Dorkslayer the Gargoyle Fighter began the quest for the
                  | Orb.
     0 | D:1      | Reached XP level 1. HP: 14/14 MP: 1/1
    55 | D:1      | Noticed a hound
    57 | D:1      | Found an iron altar of Okawaru.
    60 | D:1      | Killed a hound
    60 | D:1      | Reached skill level 4 in Shields
    60 | D:1      | Reached XP level 2. HP: 20/20 MP: 2/2
    60 | D:1      | Reached XP level 3. HP: 24/24 MP: 3/3
    60 | D:1      | Reached XP level 4. HP: 30/30 MP: 4/4
    60 | D:1      | Reached XP level 5. HP: 34/34 MP: 5/5
    75 | D:1      | Found a snail-covered altar of Cheibriados.
    91 | D:1      | Reached skill level 5 in Fighting
    91 | D:1      | Reached XP level 6. HP: 36/40 MP: 6/6
   226 | D:1      | Found a sparkling altar of Nemelex Xobeh.
   239 | D:1      | Reached skill level 5 in Armour
   239 | D:1      | Reached skill level 5 in Shields
   239 | D:1      | Reached XP level 7. HP: 27/45 MP: 7/7
   433 | D:1      | Reached XP level 8. HP: 43/52 MP: 8/8
   446 | D:1      | Found a blossoming altar of Fedhas.
   559 | D:1      | Found a glowing silver altar of Zin.
   559 | D:1      | Found a hide-covered altar of Uskayaw.
   592 | D:1      | Reached skill level 6 in Shields
   594 | D:1      | Reached skill level 5 in Long Blades
   600 | D:1      | Reached skill level 1 in Dodging
   672 | D:1      | Reached XP level 9. HP: 56/56 MP: 9/9
   708 | D:1      | Reached skill level 7 in Shields
   799 | D:1      | Found a staircase to the Ecumenical Temple.
   832 | Temple   | Entered the Ecumenical Temple
   891 | Temple   | Became a worshipper of the Shining One
  1235 | D:2      | Noticed Natasha
  1242 | D:2      | Reached * piety under the Shining One
  1242 | D:2      | Reached skill level 1 in Invocations
  1242 | D:2      | Reached skill level 1 in Evocations
  1250 | D:2      | Reached skill level 8 in Shields
  1250 | D:2      | Reached XP level 10. HP: 63/63 MP: 10/12
  1251 | D:2      | Killed Natasha
  1301 | D:2      | Found a staircase to the Slime Pits.
  1329 | D:2      | Reached ** piety under the Shining One
  1339 | D:2      | Reached skill level 9 in Shields
  1434 | D:2      | Found a staircase to the Snake Pit.
  1462 | D:2      | Reached skill level 5 in Invocations
  1462 | D:2      | Reached XP level 11. HP: 68/68 MP: 14/14
  1527 | D:2      | Noticed Sigmund
  1533 | D:2      | Noticed a two-headed ogre
  1556 | D:2      | Killed a two-headed ogre
  1567 | D:2      | Reached skill level 1 in Throwing
  1569 | D:2      | Killed Sigmund
  1569 | D:2      | Reached skill level 10 in Shields
  1569 | D:2      | Reached skill level 5 in Evocations
  1577 | D:2      | Reached XP level 12. HP: 56/74 MP: 16/16
  1671 | D:2      | Noticed Natasha
  1672 | D:2      | Found a faded altar of an unknown god.
  1678 | D:2      | Killed Natasha
  1686 | D:2      | Found a staircase to the Orcish Mines.
  1700 | D:2      | Noticed Natasha
  1700 | D:2      | Reached *** piety under the Shining One
  1716 | D:2      | Killed Natasha
  1952 | D:2      | Reached skill level 10 in Long Blades
  1977 | D:2      | Found a gate to the Vaults.
  2074 | D:2      | Reached **** piety under the Shining One
  2087 | D:2      | Reached skill level 11 in Shields
  2207 | D:3      | Entered Level 3 of the Dungeon
  2207 | D:3      | Noticed Robin
  2208 | D:3      | Noticed Ijyb
  2238 | D:2      | Killed Ijyb
  2297 | D:3      | Killed Robin
  2346 | D:3      | Reached XP level 13. HP: 37/80 MP: 17/19
  2804 | D:3      | Found a staircase to the Depths.
  2804 | D:3      | Reached ***** piety under the Shining One
  2845 | D:2      | Reached skill level 12 in Shields
  3097 | Orc      | Entered the Orcish Mines
  3097 | Orc      | Found a staircase to the Elven Halls.
  3244 | Orc      | Reached ****** piety under the Shining One
  3673 | D:3      | Noticed an ogre mage
  3708 | D:3      | Killed an ogre mage
  3708 | D:3      | Gained mutation: Your large and strong wings let you fly
                  | indefinitely. [Gargoyle growth]
  3708 | D:3      | Reached XP level 14. HP: 84/86 MP: 21/21
  3749 | Orc      | Reached skill level 13 in Shields
  3994 | Orc      | Reached skill level 10 in Invocations
  4012 | Orc      | Reached skill level 10 in Armour
  4171 | Orc      | Reached skill level 10 in Fighting
  4270 | Orc      | Found Amumom's Antique Armour Emporium.
  4270 | Orc      | Found Rado Paseh's Magic Scroll Shoppe.
  4271 | Orc      | Found Pirogriuc's Antique Armour Shoppe.
  4274 | Orc      | Found Akikket's Food Emporium.
  4305 | Orc      | Bought an embroidered cloak for 232 gold pieces
  4311 | Orc      | Bought a scroll of silence for 90 gold pieces
  4311 | Orc      | Bought a scroll of brand weapon for 240 gold pieces
  4311 | Orc      | Bought a scroll of fog for 24 gold pieces
  4311 | Orc      | Bought a scroll of identify for 24 gold pieces
  4372 | Elf      | Entered the Elven Halls
  4391 | Elf      | Reached XP level 15. HP: 76/92 MP: 23/23
  4462 | Elf      | Reached skill level 14 in Shields
  4682 | Elf      | Reached skill level 15 in Shields
  4682 | Elf      | Reached XP level 16. HP: 46/98 MP: 19/25
  4693 | Elf      | Reached skill level 10 in Evocations
  4908 | Elf      | Found a roughly hewn altar of Beogh.
  5149 | Elf      | Reached skill level 16 in Shields
  5160 | Elf      | Reached XP level 17. HP: 103/104 MP: 26/26
  5235 | Elf      | Noticed a deep elf master archer
  5236 | Elf      | Noticed a deep elf blademaster
  5242 | Elf      | Noticed a deep elf blademaster
  5244 | Elf      | Noticed a deep elf blademaster
  5244 | Elf      | Noticed a deep elf blademaster
  5248 | Elf      | Killed a deep elf master archer
  5256 | Elf      | Killed a deep elf blademaster
  5256 | Elf      | Killed a deep elf blademaster
  5256 | Elf      | Reached XP level 18. HP: 14/110 MP: 22/28
  5256 | Elf      | Reached skill level 17 in Shields
  5256 | Elf      | HP: 5/110 [deep elf blademaster/exploding inner flame[the
                  | player character] (9)]
  5257 | Elf      | Killed a deep elf blademaster
  5260 | Elf      | Found a runed door.
  5260 | Elf      | Found a shimmering altar of Xom.
  5260 | Elf      | Identified the +6 great sword "Muiram Mown" {chaos, +Fly
                  | Dex+4}
  5260 | Elf      | Noticed Dorkslayer's ghost (adept GrFi)
  5405 | Elf      | Reached skill level 15 in Invocations
  5650 | Elf      | Noticed a deep elf master archer
  5654 | Elf      | Noticed a Tzitzimitl
  5663 | Elf      | Reached XP level 19. HP: 100/116 MP: 30/30
  5705 | Elf      | Killed from afar by a deep elf high priest

Skill      XL: |  1  2  3  4  5  6  7  8  9 10 11 12 13 14 15 16 17 18 19 |
---------------+----------------------------------------------------------+-----
Fighting       | 4 5 6 7 8 9 10 11 12 | 12.1
Long Blades    | 2 3 4 5 7 8 9 10 11 12 13 14 | 14.8
Armour         | 4 5 6 7 8 9 10 11 | 11.9
Shields        | 4 5 6 8 9 10 11 12 13 15 16 17 | 17.9
Dodging        | 1 2 |  2.5
Invocations    | 2 5 6 8 9 11 12 13 14 15 | 15.4
Evocations     | 2 3 5 6 8 9 10 11 12 13 | 13.1
Throwing       | 1 2 3 4 |  4.0
Stealth        | |  0.6

Action                   |  1- 3 |  4- 6 |  7- 9 | 10-12 | 13-15 | 16-18 | 19-21 || total
-------------------------+-------+-------+-------+-------+-------+-------+-------++-------
Melee: Long sword        |     3 |    18 |    76 |   266 |    49 |       |       ||   412
       Scimitar          |       |       |       |       |   330 |   109 |    14 ||   453
Throw: Tomahawk          |       |       |       |     7 |     6 |     7 |     4 ||    24
Invok: Divine Shield     |       |       |       |     3 |     9 |     5 |       ||    17
       Cleansing Flame   |       |       |       |       |     9 |     1 |     1 ||    11
       Summon Divine War |       |       |       |       |       |     1 |       ||     1
Evoke: Wand              |       |       |       |       |     6 |    17 |     7 ||    30
       Box of beasts     |       |       |       |       |       |     3 |       ||     3
  Use: Potion            |       |       |     3 |     3 |     3 |     3 |       ||    12
       Scroll            |       |       |     9 |     8 |     6 |     3 |     1 ||    27
  Eat: Ration            |       |       |     1 |       |     2 |     1 |       ||     4
       Chunk             |       |       |       |     2 |     3 |     3 |       ||     8
Armor: Scale mail        |     2 |     6 |       |       |       |       |       ||     8
       Chain mail        |       |       |    23 |       |       |       |       ||    23
       Plate armour      |       |       |    12 |    81 |   137 |    27 |     6 ||   263
Dodge: Dodged            |     2 |    10 |    12 |    21 |    43 |    10 |     1 ||    99
Block: Shield            |       |    10 |    36 |       |       |       |       ||    46
       Large shield      |       |       |    18 |   228 |   437 |    82 |    23 ||   788
       Rpst.: Long sword |     2 |     4 |     3 |     3 |       |       |       ||    12
       Scimitar          |       |       |       |       |    11 |     1 |     1 ||    13
